 Dungeon Crawl Stone Soup version 0.29.1-1-gd02db6906a (webtiles) character file.

Game seed: 17149743658554527239

186 LabCoat the Chopper (level 5, -7/47 HPs)
             Began as a Hill Orc Fighter on Sept 18, 2022.
             Was an Initiate of Trog.
             Succumbed to Edmund's poison
             ... on level 5 of the Dungeon.
             The game lasted 00:05:50 (3227 turns).

LabCoat the Chopper (Hill Orc Fighter)              Turns: 3227, Time: 00:05:50

Health: -7/47      AC:  7    Str: 27    XL:     5   Next: 65%
Magic:  0/5        EV:  8    Int:  8    God:    Trog [......]
Gold:   265        SH:  8    Dex: 10    Spells: 4/4 levels left

rFire   . . .      SeeInvis .   a - +1 war axe
rCold   . . .      Faith    .   o - +0 kite shield
rNeg    . . .      Spirit   +   b - +0 scale mail
rPois   .          Reflect  .   (no helmet)
rElec   .          Harm     .   (no cloak)
rCorr   .          Rampage  .   (no gloves)
Will    .....                   (no boots)
Stlth   ..........              g - amulet of guardian spirit
HPRegen 0.15/turn               l - +6 ring of strength
MPRegen 0.09/turn               (no ring)

@: mighty, lethally poisoned (-7 -> -55)
A: no striking features
a: Renounce Religion


You were on level 5 of the Dungeon.
You worshipped Trog.
Trog was noncommittal.
You visited 2 branches of the dungeon, and saw 6 of its levels.

You collected 265 gold pieces.

Inventory:

Hand Weapons
 a - a +1 war axe (weapon)
Missiles
 e - a throwing net (quivered)
 i - 4 poisoned darts
Armour
 b - a +0 scale mail (worn)
 o - a +0 kite shield (worn)
Jewellery
 c - an amulet of the acrobat
 g - an amulet of guardian spirit (around neck)
 l - a +6 ring of strength (left hand)
Wands
 k - a wand of flame (10)
 q - a wand of polymorph (7)
Scrolls
 h - a scroll of amnesia
 j - 2 scrolls of teleportation
 m - a scroll of enchant armour {unknown}
 n - a scroll of silence {unknown}
 p - a scroll of magic mapping {unknown}


   Skills:
 + Level 4.4 Fighting
 * Level 4.9 Axes
 + Level 1.2 Throwing
 + Level 3.8 Armour
 + Level 3.9 Shields
 + Level 1.5 Evocations


You had 4 spell levels left.
You didn't know any spells.
Your spell library contained the following spells:

 Spells                   Type           Power      Damage    Failure   Level
 Portal Projectile        Hex/Tloc       0%         N/A       100%        3
 Tukima's Dance           Hex            0%         N/A       100%        3
 Blade Hands              Tmut           0%         N/A       100%        5


Dungeon Overview and Level Annotations

Branches:
Dungeon (5/15)             Temple (1/1) D:4

Altars:
Ashenzari
Cheibriados
Dithmenos
Elyvilon
Fedhas
Gozag
Hepliaklqana
Kikubaaqudgha
Makhleb
Nemelex Xobeh
Okawaru
Qazlal
Ru
Sif Muna
Trog
Uskayaw
Wu Jian
Yredelemnul
Zin
The Shining One

Shops:
D:1 *

Annotations:
D:5 Edmund


Message History

Aiming: Polymorph
Press: ? - help, Shift-Dir - straight line, f - Edmund
Aim: Edmund, wielding a +1 dire flail of venom and wearing a +3 scale mail of poison resistance (will become a hound, a centaur, or a swamp drake, chance to affect: 52%) Edmund resists with significant effort.
Aiming: Polymorph
Press: ? - help, Shift-Dir - straight line, f/p - Edmund
Aim: Edmund, wielding a +1 dire flail of venom and wearing a +3 scale mail of poison resistance (will become a hound, a centaur, or a swamp drake, chance to affect: 52%) Edmund evaporates and reforms as a centaur!
Edmund picks up a +1 dire flail of venom.
Edmund wields a +1 dire flail of venom.
It begins to drip with poison!
You hit Edmund but do no damage. Edmund barely misses you.
You block Edmund's attack.
Edmund hits you with a +1 dire flail of venom!
You are poisoned.
Edmund kicks you but does no damage.
You hit Edmund but do no damage.
You feel very sick.
Edmund hits you with a +1 dire flail of venom.
You are more poisoned.
Edmund misses you.
Edmund hits you with a +1 dire flail of venom.
You are more poisoned.
You block Edmund's attack.
You feel much better.
You feel extremely sick.
Edmund hits you with a +1 dire flail of venom.
You are lethally poisoned!
Edmund kicks you but does no damage.
Edmund hits you with a +1 dire flail of venom.
You are more poisoned.
You block Edmund's attack.
You feel very mighty all of a sudden.
You feel extremely sick.
Edmund hits you with a +1 dire flail of venom!
* * * LOW HITPOINT WARNING * * *
You are more poisoned.
Edmund kicks you but does no damage.
You slash Edmund!
Edmund is severely wounded.
You die...

### #.. #
#####.# ###.###
#.....##..[....
# #...@c#
####.###.#####.#
#..............#
.##.##.########
##.#...####.#
#......##..#
#..###...##.# ##
# #.........#
#.#
#.........###.#


You could see Edmund the centaur.

Vanquished Creatures
  A hound (D:4)
  3 gnolls (D:2)
  6 adders
  A worm (D:2)
  2 dart slugs (D:1)
  9 ball pythons
  9 bats
  4 endoplasms
  3 giant cockroaches
  2 goblins
  10 hobgoblins
  4 jackals (D:4)
  A quokka (D:4)
  3 frilled lizards
  3 kobolds
  4 rats
  A spectral kobold (D:3)
66 creatures vanquished.

Notes
Turn   | Place    | Note
-------+----------+-------------------------------------------
     0 | D:1      | LabCoat the Hill Orc Fighter began the quest for the Orb.
     0 | D:1      | Reached XP level 1. HP: 19/19 MP: 1/1
    47 | D:1      | Found Syefer's General Store.
   138 | D:1      | Reached XP level 2. HP: 27/27 MP: 2/2
   792 | D:1      | Reached XP level 3. HP: 32/33 MP: 3/3
   941 | D:2      | Reached XP level 4. HP: 34/40 MP: 4/4
   994 | D:2      | Reached skill level 1 in Evocations
  1728 | D:3      | Found a hazy altar of Hepliaklqana.
  1901 | D:3      | Found a stormy altar of Qazlal.
  2016 | D:3      | Reached skill level 1 in Throwing
  2152 | D:3      | Found a snail-covered altar of Cheibriados.
  2152 | D:3      | Found an ancient bone altar of Kikubaaqudgha.
  2230 | D:4      | Reached XP level 5. HP: 47/47 MP: 5/5
  2461 | D:4      | Found a staircase to the Ecumenical Temple.
  2470 | Temple   | Entered the Ecumenical Temple
  2514 | Temple   | Became a worshipper of Trog the Wrathful
  2709 | D:4      | Found a basalt altar of Yredelemnul.
  2901 | D:4      | Found a hide-covered altar of Uskayaw.
  2969 | D:4      | Found an ornate altar of the Wu Jian Council.
  3075 | D:4      | Found a broken altar of Ashenzari.
  3124 | D:5      | Entered Level 5 of the Dungeon
  3218 | D:5      | Noticed Edmund
  3220 | D:5      | Noticed Edmund
  3220 | D:5      | Edmund changed into Edmund the centaur
  3227 | D:5      | Succumbed to Edmund's poison

Illustrated notes

Levels and vault maps discovered:
D:1:      minmay_arrival_up_and_down, layout_loops_corners, serial_shops, shop,
          hangedman_decor_peaks_small
D:2:      layout_rooms
D:3:      layout_loops_ring, nicolae_hepliaklqana_monster_ancestors,
          nicolae_qazlal_scattered_showers, gammafunk_temple_overflow_wave
D:4:      layout_loops_ring, mainiacjoe_overflow_24_doors,
          nicolae_wu_jian_immortal_techniques,
          mainiacjoe_overflow_surrounded_room, nicolae_ashenzari_skybound,
          minmay_temple_entry_statues_pillars, kennysheep_generic_room_15
D:5:      layout_loops_cross, mainiacjoe_overflow_cross_hatched, serial_shops,
          nicolae_shop_waterfront, uniq_prince_ribbit1, uniq_edmund,
          uniq_sigmund, uniq_menkaure
Temple:   nicolae_temple_bog_church

Skill      XL: |  1  2  3  4 |
---------------+-------------+-----
Axes           | 3 4 |  4.9
Fighting       | 4 |  4.4
Evocations     | 1 |  1.5
Throwing       | 1 |  1.2
Armour         | |  3.8
Shields        | |  3.9

Action                   |  1- 3 |  4- 6 || total
-------------------------+-------+-------++-------
Melee: War axe           |    73 |   113 ||   186
Evoke: Wand              |       |     2 ||     2
  Use: Scroll            |     4 |     4 ||     8
       Potion            |       |     2 ||     2
Armor: Scale mail        |    38 |    46 ||    84
Dodge: Dodged            |    32 |    57 ||    89
Block: Buckler           |    21 |    28 ||    49
       Kite shield       |       |     9 ||     9
